Map: 오토메이턴 - 래더

Players

TYTY (TY)

  • Race: Terran Terran
  • Spawn Location: 3:00

uThermal - Winner!

  • Race: Terran Terran
  • Spawn Location: 9:00

Event: IEM Season 13: Katowice (2019)

VOD

Have the link to the VOD?

Description

Time

  • Played on: March 1, 2019, 10:07 a.m.
  • Length: 4:37

All games in this series

Show
View Real Time Build Order
Export as new Build Order

TYTY Terran 

Build Orders: 1/1/1, Liberator Opening 

Get SALT Encoding   

  12  0:00  SCV  
  13  0:12  SCV  
  14  0:19  Supply Depot  
  14  0:25  SCV  
  15  0:29  Refinery  
  15  0:41  SCV  
  16  0:45  Barracks  
  16  0:53  SCV  
  17  0:58  Refinery  
  17  1:05  SCV  
  18  1:17  SCV  
  20  1:33  Factory  
  20  1:37  Orbital Command  
  19  1:40  Reaper  
  20  2:03  SCV  
  20  2:04  Supply Depot  
  21  2:12  Reaper  
  23  2:20  Starport  
  22  2:25  SCV  
  22  2:26  Hellion  
  25  2:37  SCV  
  26  2:42  Supply Depot  
  26  2:44  Reaper  
  26  2:47  Starport  
  26  2:48  Hellion  
  28  2:51  SCV  
  29  3:03  SCV  
  30  3:06  Liberator  
  32  3:13  Supply Depot  
  32  3:15  SCV  
  32  3:17  Barracks Reactor  
  34  3:27  SCV  
  34  3:29  Factory Tech Lab  
  34  3:42  SCV  
  35  3:49  Cyclone  
  35  3:52  Marine x2  
  35  3:55  SCV  
  34  4:10  Marine x2  
  34  4:12  SCV  
  30  4:24  SCV  
  36  4:35  Factory Tech Lab  
Show
View Real Time Build Order
Export as new Build Order

uThermal Terran - Winner!

Build Orders: 1/1/1, Liberator Opening 

Get SALT Encoding   

  12  0:01  SCV  
  13  0:13  SCV  
  14  0:17  Supply Depot  
  14  0:25  SCV  
  15  0:28  Refinery  
  15  0:39  SCV  
  16  0:45  Barracks  
  16  0:51  SCV  
  16  0:55  Refinery  
  17  1:03  SCV  
  18  1:15  SCV  
  19  1:32  Reaper, Orbital Command  
  20  1:36  Factory  
  20  1:45  Supply Depot  
  20  1:57  SCV  
  21  2:04  Reaper  
  22  2:09  SCV  
  23  2:19  Hellion  
  23  2:21  Starport  
  23  2:22  SCV  
  26  2:28  Supply Depot  
  26  2:34  SCV  
  26  2:36  Reaper  
  28  2:40  Liberator  
  28  2:41  Hellion  
  33  3:03  Hellion  
  35  3:08  Barracks Reactor  
  35  3:14  Command Center  
  35  3:17  SCV  
  36  3:26  Factory Tech Lab, Supply Depot  
  36  3:29  SCV  
  37  3:40  Viking  
  39  3:47  Marine x2  
  41  3:49  Siege Tank  
  41  3:53  SCV  
  45  4:05  SCV  
  44  4:10  Marine  
  44  4:14  Marine  
  45  4:17  SCV  
  48  4:31  Factory Tech Lab  

Tags
 
Add a new tag
Caveats
  • Supply blocks, unpowered buildings, or Contaminate may cause inaccurate times.
  • Supply counts are checked every 10 seconds.